Workbook

Sheet 附件1汇总表
A1: 附件1
A2: 2026年第二批中央水利发展资金汇总表
I3: 单位：万元
A4: 地 区 | B4: 年度 合计 | C4: 提前批 小计 | D4: 本次 小计 | E4: 水旱灾害防御 | G4: 水资源集约节约利用 | H4: 水资源保护与修复治理 | I4: 预算科目
E5: 中小河 流治理 | F5: 白蚁 防治 | G5: 小型引调 水工程 | H5: 幸福河 湖建设
A6: 合 计 | B6: =SUM(C6:D6) -> 94300 | C6: 81210 | D6: =SUM(E6:H6) -> 13090 | E6: =SUM(E7,E74) -> 6334 | F6: =SUM(F7,F74) -> 472 | G6: =SUM(G7,G74) -> 2759 | H6: =SUM(H7,H74) -> 3525
A7: 市县小计 | B7: =SUM(C7:D7) -> 86357 | C7: 73267 | D7: =SUM(E7:H7) -> 13090 | E7: =SUM(E8,E10,E14,E21,E24,E30,E36,E41,E46,E54,E59,E64,E69) -> 6334 | F7: =SUM(F8,F10,F14,F21,F24,F30,F36,F41,F46,F54,F59,F64,F69) -> 472 | G7: =SUM(G8,G10,G14,G21,G24,G30,G36,G41,G46,G54,G59,G64,G69) -> 2759 | H7: =SUM(H8,H10,H14,H21,H24,H30,H36,H41,H46,H54,H59,H64,H69) -> 3525 | I7: 213农林水支出
A8: 南京市 | B8: =SUM(C8:D8) -> 535 | C8: 400 | D8: =SUM(E8:H8) -> 135 | E8: =SUM(E9) -> 0 | F8: =SUM(F9) -> 135 | G8: =SUM(G9) -> 0 | H8: =SUM(H9) -> 0 | I8: 213农林水支出
A9: 南京市本级 | B9: =SUM(C9:D9) -> 535 | C9: 400 | D9: =SUM(E9:H9) -> 135 | F9: =SUM('附件3-2'!C8:C10) -> 135 | I9: 213农林水支出
A10: 无锡市 | B10: =SUM(C10:D10) -> 11350 | C10: 11350 | D10: =SUM(E10:H10) -> 0 | E10: =SUM(E11:E13) -> 0 | F10: 0 | G10: =SUM(G11:G13) -> 0 | H10: =SUM(H11:H13) -> 0 | I10: 213农林水支出
A11: 无锡市本级 | B11: =SUM(C11:D11) -> 765 | C11: 765 | D11: =SUM(E11:H11) -> 0 | I11: 213农林水支出
A12: 江阴市 | B12: =SUM(C12:D12) -> 4930 | C12: 4930 | D12: =SUM(E12:H12) -> 0 | I12: 213农林水支出
A13: 宜兴市 | B13: =SUM(C13:D13) -> 5655 | C13: 5655 | D13: =SUM(E13:H13) -> 0 | I13: 213农林水支出
A14: 徐州市 | B14: =SUM(C14:D14) -> 13309 | C14: 9665 | D14: =SUM(E14:H14) -> 3644 | E14: =SUM(E15:E20) -> 1080 | F14: =SUM(F15:F20) -> 0 | G14: =SUM(G15:G20) -> 2564 | H14: =SUM(H15:H20) -> 0 | I14: 213农林水支出
A15: 徐州市本级 | B15: =SUM(C15:D15) -> 4816 | C15: 4816 | D15: =SUM(E15:H15) -> 0 | I15: 213农林水支出
A16: 丰县 | B16: =SUM(C16:D16) -> 209 | C16: 209 | D16: =SUM(E16:H16) -> 0 | I16: 213农林水支出
A17: 沛县 | B17: =SUM(C17:D17) -> 223 | C17: 223 | D17: =SUM(E17:H17) -> 0 | I17: 213农林水支出
A18: 睢宁县 | B18: =SUM(C18:D18) -> 1696 | C18: 1696 | D18: =SUM(E18:H18) -> 0 | I18: 213农林水支出
A19: 邳州市 | B19: =SUM(C19:D19) -> 5397 | C19: 1753 | D19: =SUM(E19:H19) -> 3644 | E19: =SUM('附件3-1'!I7) -> 1080 | G19: =SUM('附件3-3'!E8) -> 2564 | I19: 213农林水支出
A20: 新沂市 | B20: =SUM(C20:D20) -> 968 | C20: 968 | D20: =SUM(E20:H20) -> 0 | I20: 213农林水支出
A21: 常州市 | B21: =SUM(C21:D21) -> 407 | C21: 380 | D21: =SUM(E21:H21) -> 27 | E21: =SUM(E22:E23) -> 0 | F21: =SUM(F22:F23) -> 27 | G21: =SUM(G22:G23) -> 0 | H21: =SUM(H22:H23) -> 0 | I21: 213农林水支出
A22: 常州市本级 | B22: =SUM(C22:D22) -> 207 | C22: 180 | D22: =SUM(E22:H22) -> 27 | F22: =SUM('附件3-2'!C12) -> 27 | I22: 213农林水支出
A23: 溧阳市 | B23: =SUM(C23:D23) -> 200 | C23: 200 | D23: =SUM(E23:H23) -> 0 | I23: 213农林水支出
A24: 苏州市 | B24: =SUM(C24:D24) -> 4056 | C24: 4030 | D24: =SUM(E24:H24) -> 26 | E24: =SUM(E25:E29) -> 0 | F24: =SUM(F25:F29) -> 26 | G24: =SUM(G25:G29) -> 0 | H24: =SUM(H25:H29) -> 0 | I24: 213农林水支出
A25: 苏州市本级 | B25: =SUM(C25:D25) -> 0 | C25: 0 | D25: =SUM(E25:H25) -> 0 | I25: 213农林水支出
A26: 张家港市 | B26: =SUM(C26:D26) -> 0 | C26: 0 | D26: =SUM(E26:H26) -> 0 | I26: 213农林水支出
A27: 常熟市 | B27: =SUM(C27:D27) -> 4056 | C27: 4030 | D27: =SUM(E27:H27) -> 26 | F27: =SUM('附件3-2'!C14) -> 26 | I27: 213农林水支出
A28: 太仓市 | B28: =SUM(C28:D28) -> 0 | C28: 0 | D28: =SUM(E28:H28) -> 0 | I28: 213农林水支出
A29: 昆山市 | B29: =SUM(C29:D29) -> 0 | C29: 0 | D29: =SUM(E29:H29) -> 0 | I29: 213农林水支出
A30: 南通市 | B30: =SUM(C30:D30) -> 11133 | C30: 11133 | D30: =SUM(E30:H30) -> 0 | E30: =SUM(E31:E35) -> 0 | F30: =SUM(F31:F35) -> 0 | G30: =SUM(G31:G35) -> 0 | I30: 213农林水支出
A31: 南通市本级 | B31: =SUM(C31:D31) -> 11133 | C31: 11133 | D31: =SUM(E31:H31) -> 0 | I31: 213农林水支出
A32: 海安市 | B32: =SUM(C32:D32) -> 0 | C32: 0 | D32: =SUM(E32:H32) -> 0 | I32: 213农林水支出
A33: 如皋市 | B33: =SUM(C33:D33) -> 0 | C33: 0 | D33: =SUM(E33:H33) -> 0 | I33: 213农林水支出
A34: 如东县 | B34: =SUM(C34:D34) -> 0 | C34: 0 | D34: =SUM(E34:H34) -> 0 | I34: 213农林水支出
A35: 启东市 | B35: =SUM(C35:D35) -> 0 | C35: 0 | D35: =SUM(E35:H35) -> 0 | I35: 213农林水支出
A36: 连云港市 | B36: =SUM(C36:D36) -> 5919 | C36: 1638 | D36: =SUM(E36:H36) -> 4281 | E36: =SUM(E37:E40) -> 756 | F36: =SUM(F37:F40) -> 0 | G36: =SUM(G37:G40) -> 0 | H36: =SUM(H37:H40) -> 3525 | I36: 213农林水支出
A37: 连云港市本级 | B37: =SUM(C37:D37) -> 4616 | C37: 1091 | D37: =SUM(E37:H37) -> 3525 | H37: =SUM('附件3-4'!E6) -> 3525 | I37: 213农林水支出
A38: 东海县 | B38: =SUM(C38:D38) -> 364 | C38: 364 | D38: =SUM(E38:H38) -> 0 | I38: 213农林水支出
A39: 灌云县 | B39: =SUM(C39:D39) -> 183 | C39: 183 | D39: =SUM(E39:H39) -> 0 | I39: 213农林水支出
A40: 灌南县 | B40: =SUM(C40:D40) -> 756 | C40: 0 | D40: =SUM(E40:H40) -> 756 | E40: =SUM('附件3-1'!I8) -> 756 | I40: 213农林水支出
A41: 淮安市 | B41: =SUM(C41:D41) -> 7107 | C41: 6579 | D41: =SUM(E41:H41) -> 528 | E41: =SUM(E42:E45) -> 492 | F41: =SUM(F42:F45) -> 0 | G41: =SUM(G42:G45) -> 36 | H41: =SUM(H42:H45) -> 0 | I41: 213农林水支出
A42: 淮安市本级 | B42: =SUM(C42:D42) -> 5894 | C42: 5858 | D42: =SUM(E42:H42) -> 36 | G42: =SUM('附件3-3'!E10) -> 36 | I42: 213农林水支出
A43: 金湖县 | B43: =SUM(C43:D43) -> 555 | C43: 63 | D43: =SUM(E43:H43) -> 492 | E43: =SUM('附件3-1'!I9) -> 492 | I43: 213农林水支出
A44: 盱眙县 | B44: =SUM(C44:D44) -> 456 | C44: 456 | D44: =SUM(E44:H44) -> 0 | I44: 213农林水支出
A45: 涟水县 | B45: =SUM(C45:D45) -> 202 | C45: 202 | D45: =SUM(E45:H45) -> 0 | I45: 213农林水支出
A46: 盐城市 | B46: =SUM(C46:D46) -> 18489 | C46: 16536 | D46: =SUM(E46:H46) -> 1953 | E46: =SUM(E47:E53) -> 1794 | F46: =SUM(F47:F53) -> 0 | G46: =SUM(G47:G53) -> 159 | H46: =SUM(H47:H53) -> 0 | I46: 213农林水支出
A47: 盐城市本级 | B47: =SUM(C47:D47) -> 7666 | C47: 6641 | D47: =SUM(E47:H47) -> 1025 | E47: =SUM('附件3-1'!I10) -> 866 | G47: =SUM('附件3-3'!E12) -> 159 | I47: 213农林水支出
A48: 东台市 | B48: =SUM(C48:D48) -> 242 | C48: 242 | D48: =SUM(E48:H48) -> 0 | I48: 213农林水支出
A49: 建湖县 | B49: =SUM(C49:D49) -> 3153 | C49: 2721 | D49: =SUM(E49:H49) -> 432 | E49: =SUM('附件3-1'!I11) -> 432 | I49: 213农林水支出
A50: 射阳县 | B50: =SUM(C50:D50) -> 2778 | C50: 2282 | D50: =SUM(E50:H50) -> 496 | E50: =SUM('附件3-1'!I12) -> 496 | I50: 213农林水支出
A51: 阜宁县 | B51: =SUM(C51:D51) -> 258 | C51: 258 | D51: =SUM(E51:H51) -> 0 | I51: 213农林水支出
A52: 滨海县 | B52: =SUM(C52:D52) -> 232 | C52: 232 | D52: =SUM(E52:H52) -> 0 | I52: 213农林水支出
A53: 响水县 | B53: =SUM(C53:D53) -> 4160 | C53: 4160 | D53: =SUM(E53:H53) -> 0 | I53: 213农林水支出
A54: 扬州市 | B54: =SUM(C54:D54) -> 404 | C54: 304 | D54: =SUM(E54:H54) -> 100 | E54: =SUM(E55:E58) -> 0 | F54: =SUM(F55:F58) -> 100 | G54: =SUM(G55:G58) -> 0 | H54: =SUM(H55:H58) -> 0 | I54: 213农林水支出
A55: 扬州市本级 | B55: =SUM(C55:D55) -> 149 | C55: 80 | D55: =SUM(E55:H55) -> 69 | F55: =SUM('附件3-2'!C16:C18) -> 69 | I55: 213农林水支出
A56: 宝应县 | B56: =SUM(C56:D56) -> 136 | C56: 136 | D56: =SUM(E56:H56) -> 0 | I56: 213农林水支出
A57: 高邮市 | B57: =SUM(C57:D57) -> 88 | C57: 88 | D57: =SUM(E57:H57) -> 0 | I57: 213农林水支出
A58: 仪征市 | B58: =SUM(C58:D58) -> 31 | C58: 0 | D58: =SUM(E58:H58) -> 31 | F58: =SUM('附件3-2'!C19) -> 31 | I58: 213农林水支出
A59: 镇江市 | B59: =SUM(C59:D59) -> 2858 | C59: 2703 | D59: =SUM(E59:H59) -> 155 | E59: =SUM(E60:E63) -> 0 | F59: =SUM(F60:F63) -> 155 | G59: =SUM(G60:G63) -> 0 | H59: =SUM(H60:H63) -> 0 | I59: 213农林水支出
A60: 镇江市本级 | B60: =SUM(C60:D60) -> 2413 | C60: 2343 | D60: =SUM(E60:H60) -> 70 | F60: =SUM('附件3-2'!C21:C22) -> 70 | I60: 213农林水支出
A61: 丹阳市 | B61: =SUM(C61:D61) -> 380 | C61: 360 | D61: =SUM(E61:H61) -> 20 | F61: =SUM('附件3-2'!C23) -> 20 | I61: 213农林水支出
A62: 句容市 | B62: =SUM(C62:D62) -> 38 | C62: 0 | D62: =SUM(E62:H62) -> 38 | F62: =SUM('附件3-2'!C24) -> 38 | I62: 213农林水支出
A63: 扬中市 | B63: =SUM(C63:D63) -> 27 | C63: 0 | D63: =SUM(E63:H63) -> 27 | F63: =SUM('附件3-2'!C25) -> 27 | I63: 213农林水支出
A64: 泰州市 | B64: =SUM(C64:D64) -> 3594 | C64: 3565 | D64: =SUM(E64:H64) -> 29 | E64: =SUM(E65:E68) -> 0 | F64: =SUM(F65:F68) -> 29 | G64: =SUM(G65:G68) -> 0 | H64: =SUM(H65:H68) -> 0 | I64: 213农林水支出
A65: 泰州市本级 | B65: =SUM(C65:D65) -> 3594 | C65: 3565 | D65: =SUM(E65:H65) -> 29 | F65: =SUM('附件3-2'!C27) -> 29 | I65: 213农林水支出
A66: 靖江市 | B66: =SUM(C66:D66) -> 0 | C66: 0 | D66: =SUM(E66:H66) -> 0 | I66: 213农林水支出
A67: 泰兴市 | B67: =SUM(C67:D67) -> 0 | C67: 0 | D67: =SUM(E67:H67) -> 0 | I67: 213农林水支出
A68: 兴化市 | B68: =SUM(C68:D68) -> 0 | C68: 0 | D68: =SUM(E68:H68) -> 0 | I68: 213农林水支出
A69: 宿迁市 | B69: =SUM(C69:D69) -> 7196 | C69: 4984 | D69: =SUM(E69:H69) -> 2212 | E69: =SUM(E70:E73) -> 2212 | F69: =SUM(F70:F73) -> 0 | G69: =SUM(G70:G73) -> 0 | H69: =SUM(H70:H73) -> 0 | I69: 213农林水支出
A70: 宿迁市本级 | B70: =SUM(C70:D70) -> 1637 | C70: 289 | D70: =SUM(E70:H70) -> 1348 | E70: =SUM('附件3-1'!I13) -> 1348 | I70: 213农林水支出
A71: 沭阳县 | B71: =SUM(C71:D71) -> 2468 | C71: 1604 | D71: =SUM(E71:H71) -> 864 | E71: =SUM('附件3-1'!I14) -> 864 | I71: 213农林水支出
A72: 泗洪县 | B72: =SUM(C72:D72) -> 963 | C72: 963 | D72: =SUM(E72:H72) -> 0 | I72: 213农林水支出
A73: 泗阳县 | B73: =SUM(C73:D73) -> 2128 | C73: 2128 | D73: =SUM(E73:H73) -> 0 | I73: 213农林水支出
A74: 省级小计 | B74: =SUM(C74:D74) -> 7943 | C74: 7943 | D74: =SUM(E74:H74) -> 0 | I74: 2130399其他水利支出
A75: 省骆运水利工程管理处 | B75: =SUM(C75:D75) -> 45 | C75: 45 | D75: =SUM(E75:H75) -> 0 | I75: 2130399其他水利支出
A76: 管理处本级 | B76: =SUM(C76:D76) -> 0 | C76: 0 | D76: =SUM(E76:H76) -> 0 | I76: 2130399其他水利支出
A77: 省泗阳闸站管理所 | B77: =SUM(C77:D77) -> 0 | C77: 0 | D77: =SUM(E77:H77) -> 0 | I77: 2130399其他水利支出
A78: 省刘老涧闸站管理所 | B78: =SUM(C78:D78) -> 0 | C78: 0 | D78: =SUM(E78:H78) -> 0 | I78: 2130399其他水利支出
A79: 省沙集闸站管理所 | B79: =SUM(C79:D79) -> 0 | C79: 0 | D79: =SUM(E79:H79) -> 0 | I79: 2130399其他水利支出
A80: 省皂河抽水站 | B80: =SUM(C80:D80) -> 0 | C80: 0 | D80: =SUM(E80:H80) -> 0 | I80: 2130399其他水利支出
A81: 省黄墩湖滞洪闸管理所 | B81: =SUM(C81:D81) -> 20 | C81: 20 | D81: =SUM(E81:H81) -> 0 | I81: 2130399其他水利支出
A82: 省皂河闸管理所 | B82: =SUM(C82:D82) -> 25 | C82: 25 | D82: =SUM(E82:H82) -> 0 | I82: 2130399其他水利支出
A83: 省洋河滩闸管理所 | B83: =SUM(C83:D83) -> 0 | C83: 0 | D83: =SUM(E83:H83) -> 0 | I83: 2130399其他水利支出
... A162: 省水资源服务中心 | B162: =SUM(C162:D162) -> 0 | C162: 0 | D162: =SUM(E162:H162) -> 0 | I162: 2130399其他水利支出
A163: 省农村水利科技发展中心 | B163: =SUM(C163:D163) -> 0 | C163: 0 | D163: =SUM(E163:G163) -> 0 | I163: 2130399其他水利支出
A164: 省水利科学研究院 | B164: =SUM(C164:D164) -> 0 | C164: 0 | D164: =SUM(E164:G164) -> 0 | I164: 2130399其他水利支出
A165: 省水利厅机关后勤服务中心 | B165: =SUM(C165:D165) -> 0 | C165: 0 | D165: =SUM(F165:G165) -> 0 | I165: 2130399其他水利支出
A166: 省水利科教中心 | B166: =SUM(C166:D166) -> 0 | C166: 0 | D166: =SUM(F166:G166) -> 0 | I166: 2130399其他水利支出
A167: 省水利厅财审处 | B167: =SUM(C167:D167) -> 0 | C167: 0 | D167: =SUM(F167:G167) -> 0 | I167: 2130399其他水利支出
A168: 省水利规划办公室 | B168: =SUM(C168:D168) -> 0 | C168: 0 | D168: =SUM(F168:G168) -> 0 | I168: 2130399其他水利支出
A169: 省农垦集团 | B169: =SUM(C169:D169) -> 0 | C169: 0 | D169: =SUM(F169:G169) -> 0 | I169: 2130399其他水利支出
A170: 省淮海农场 | B170: =SUM(C170:D170) -> 0 | C170: 0 | D170: =SUM(F170:G170) -> 0 | I170: 2130399其他水利支出
A171: 省监狱管理局 | B171: =SUM(C171:D171) -> 6994 | C171: 6994 | D171: =SUM(F171:G171) -> 0 | I171: 2130399其他水利支出

Sheet 附件2市县任务清单
A1: 附件2
A2: 2026年第二批中央水利发展资金任务清单
A3: 地 区 | B3: 中小河流 治理长度 （公里） | C3: 白蚁防治 | G3: 幸福河 湖建设 (条/个)
C4: 小型水库危害治理数量 （个） | D4: 堤防危害治理长度 （km） | E4: 小型水库危害监测数量 （个） | F4: 堤防危害监测长度 （km）
A5: 全省合计 | B5: =B6+B15+B22+B31+B39+B48+B56+B63+B72+B83+B91+B97+B105 -> 58.15 | C5: =C6+C15+C22+C31+C39+C48+C56+C63+C72+C83+C91+C97+C105 -> 18 | D5: =D6+D15+D22+D31+D39+D48+D56+D63+D72+D83+D91+D97+D105 -> 49 | E5: =E6+E15+E22+E31+E39+E48+E56+E63+E72+E83+E91+E97+E105 -> 54 | F5: =F6+F15+F22+F31+F39+F48+F56+F63+F72+F83+F91+F97+F105 -> 105.7 | G5: =G6+G15+G22+G31+G39+G48+G56+G63+G72+G83+G91+G97+G105 -> 1
A6: 南京市 | B6: =SUM(B7:B14) -> 0 | C6: =SUM(C7:C14) -> 9 | D6: =SUM(D7:D14) -> 14.6 | E6: =SUM(E7:E14) -> 9 | F6: =SUM(F7:F14) -> 22 | G6: =SUM(G7:G14) -> 0
A7: 南京市本级
A8: 江宁区 | C8: 4 | D8: 14.6 | E8: 4 | F8: 6
A9: 浦口区
A10: 六合区 | C10: 5 | E10: 5
A11: 溧水区
A12: 高淳区 | F12: 16
A13: 栖霞区
A14: 江北新区
A15: 无锡市 | B15: =SUM(B16:B21) -> 0
A16: 无锡市本级
A17: 锡山区
A18: 惠山区
A19: 滨湖区
A20: 江阴市
A21: 宜兴市
A22: 徐州市 | B22: =SUM(B23:B30) -> 10 | C22: =SUM(C23:C30) -> 0 | D22: =SUM(D23:D30) -> 0 | G22: =SUM(G23:G30) -> 0
A23: 徐州市本级
A24: 铜山区
A25: 贾汪区
A26: 丰县
A27: 沛县
A28: 睢宁县
A29: 邳州市 | B29: =SUM('附件3-1'!J7) -> 10
A30: 新沂市
A31: 常州市 | B31: =SUM(B32:B38) -> 0 | C31: =SUM(C32:C38) -> 2 | D31: =SUM(D32:D38) -> 0 | E31: =SUM(E32:E38) -> 11 | F31: =SUM(F32:F38) -> 0 | G31: =SUM(G32:G38) -> 0
A32: 常州市本级
A33: 金坛区 | C33: 2 | E33: 11
A34: 武进区
A35: 新北区
A36: 天宁区
A37: 钟楼区
A38: 溧阳市
A39: 苏州市 | F39: =SUM(F40:F47) -> 17 | G39: =SUM(G40:G47) -> 0
A40: 苏州市本级
A41: 吴江区
A42: 吴中区
A43: 相城区
A44: 张家港市
A45: 常熟市 | F45: 17
A46: 太仓市
A47: 昆山市
A48: 南通市 | E48: =SUM(E49:E55) -> 0 | F48: =SUM(F49:F55) -> 0
A49: 南通市本级
A50: 通州区
A51: 海门区
A52: 海安市
A53: 如皋市
A54: 如东县
A55: 启东市
A56: 连云港市 | B56: =SUM(B57:B62) -> 7 | C56: =SUM(C57:C62) -> 0 | D56: =SUM(D57:D62) -> 0 | E56: =SUM(E57:E62) -> 0 | F56: =SUM(F57:F62) -> 0 | G56: =SUM(G57:G62) -> 1
A57: 连云港市本级 | G57: 1
A58: 赣榆区
A59: 海州区
A60: 东海县
A61: 灌云县
A62: 灌南县 | B62: =SUM('附件3-1'!J8) -> 7
A63: 淮安市 | B63: =SUM(B64:B71) -> 8.07 | C63: =SUM(C64:C71) -> 0
A64: 淮安市本级
A65: 淮安区
A66: 淮阴区
A67: 清江浦区
A68: 洪泽区
A69: 金湖县 | B69: =SUM('附件3-1'!J9) -> 8.07
A70: 盱眙县
A71: 涟水县
A72: 盐城市 | B72: =SUM(B73:B82) -> 16.62 | G72: =SUM(G73:G82) -> 0
A73: 盐城市本级
A74: 大丰区
A75: 盐都区
A76: 亭湖区 | B76: =SUM('附件3-1'!J10) -> 8.02
A77: 东台市
A78: 建湖县 | B78: =SUM('附件3-1'!J11) -> 4
A79: 射阳县 | B79: =SUM('附件3-1'!J12) -> 4.6
A80: 阜宁县
A81: 滨海县
A82: 响水县
A83: 扬州市 | B83: =SUM(B84:B90) -> 0 | C83: =SUM(C84:C90) -> 3 | D83: =SUM(D84:D90) -> 16.6 | E83: =SUM(E84:E90) -> 9 | F83: =SUM(F84:F90) -> 14 | G83: =SUM(G84:G90) -> 0
A84: 扬州市本级 | D84: 5 | F84: 4
A85: 江都区
A86: 邗江区 | D86: 5 | F86: 5
A87: 广陵区 | D87: 5 | F87: 5
A88: 宝应县
A89: 高邮市
A90: 仪征市 | C90: 3 | D90: 1.6 | E90: 9
A91: 镇江市 | B91: =SUM(B92:B96) -> 0 | C91: =SUM(C92:C96) -> 4 | D91: =SUM(D92:D96) -> 12.8 | E91: =SUM(E92:E96) -> 25 | F91: =SUM(F92:F96) -> 47.7 | G91: =SUM(G92:G96) -> 0
A92: 镇江市本级 | C92: 2 | D92: 1 | E92: 8 | F92: 3.1
A93: 丹徒区 | C93: 2 | D93: 3.8 | E93: 13 | F93: 5.4
A94: 丹阳市 | D94: 3.3 | E94: 4 | F94: 3.3
A95: 句容市 | D95: 2.7 | F95: 22.9
A96: 扬中市 | D96: 2 | F96: 13
A97: 泰州市 | B97: =SUM(B98:B104) -> 0 | C97: =SUM(C98:C104) -> 0 | D97: =SUM(D98:D104) -> 5 | E97: =SUM(E98:E104) -> 0 | F97: =SUM(F98:F104) -> 5 | G97: =SUM(G98:G104) -> 0
A98: 泰州市本级
A99: 海陵区
A100: 医药高新（高港）区 | D100: 5 | F100: 5
...

Sheet 附件3-1
A1: 附件3-1
A2: 2026年第二批中央水利发展资金明细表 (中小河流治理)
J3: 单位：万元
A4: 序号 | B4: 地区 | C4: 项目名称 | D4: 总投资 | E4: 已安排投资 | I4: 本次下达中央投资 | J4: 年度治理 河长 （公里）
E5: 合计 | F5: 中央 | G5: 省级 | H5: 市县
C6: 合 计 | D6: =SUM(D7:D14) -> 128305 | E6: =SUM(E7:E14) -> 26800 | F6: =SUM(F7:F14) -> 0 | G6: =SUM(G7:G14) -> 16300 | H6: =SUM(H7:H14) -> 10500 | I6: =SUM(I7:I14) -> 6334 | J6: =SUM(J7:J14) -> 58.15
A7: 1 | B7: 邳州市 | C7: 邳州市白马河（运西）治理工程 | D7: 4963 | E7: =SUM(F7:H7) -> 1500 | G7: 1000 | H7: 500 | I7: 1080 | J7: 10
A8: 2 | B8: 灌南县 | C8: 柴米河治理工程（灌南县） | D8: 46203 | E8: =SUM(F8:H8) -> 8000 | G8: 5000 | H8: 3000 | I8: 756 | J8: 7
A9: 3 | B9: 金湖县 | C9: 淮安市草泽河治理工程（金湖县） | D9: 1584 | E9: =SUM(F9:H9) -> 300 | G9: 300 | H9: 0 | I9: 492 | J9: 8.07
A10: 4 | B10: 亭湖区 | C10: 盐城市潭洋河（西冈河~六子河段）整治工程 | D10: 7613 | E10: =SUM(F10:H10) -> 2200 | G10: 1000 | H10: 1200 | I10: 866 | J10: 8.02
A11: 5 | B11: 建湖县 | C11: 盐城市潭洋河（西冈河~六子河段）整治工程 | D11: 4530 | E11: =SUM(F11:H11) -> 1000 | G11: 500 | H11: 500 | I11: 432 | J11: 4
A12: 6 | B12: 射阳县 | C12: 盐城市潭洋河（西冈河~六子河段）整治工程 | D12: 4787 | E12: =SUM(F12:H12) -> 800 | G12: 500 | H12: 300 | I12: 496 | J12: 4.6
A13: 7 | B13: 宿迁市本级 | C13: 宿迁市黄河故道中泓治理工程 | D13: 6693 | E13: =SUM(F13:H13) -> 3000 | G13: 2000 | H13: 1000 | I13: 1348 | J13: 8.46
A14: 8 | B14: 沭阳县 | C14: 柴米河治理工程（沭阳县） | D14: 51932 | E14: =SUM(F14:H14) -> 10000 | G14: 6000 | H14: 4000 | I14: 864 | J14: 8

Sheet 附件3-2
A1: 附件3-2
A2: 2026年第二批中央水利发展资金明细表 (白蚁防治)
F3: 单位：万元
A4: 序号 | B4: 地区/单位 | C4: 合计 | D4: 白蚁防治危害治理 | F4: 白蚁防治危害监测
D5: 小型水库 | E5: 堤防 | F5: 小型水库 | G5: 堤防
A6: 总计 | C6: =C7+C11+C13+C15+C20+C26 -> 472 | D6: =D7+D11+D13+D15+D20+D26 -> 58 | E6: =E7+E11+E13+E15+E20+E26 -> 148 | F6: =F7+F11+F13+F15+F20+F26 -> 111 | G6: =G7+G11+G13+G15+G20+G26 -> 155
A7: 一 | B7: 南京市 | C7: =C8+C9+C10 -> 135 | D7: =D8+D9+D10 -> 37 | E7: =E8+E9+E10 -> 41 | F7: =F8+F9+F10 -> 25 | G7: =G8+G9+G10 -> 32
A8: 1 | B8: 高淳区 | C8: =D8+E8+F8+G8 -> 23 | G8: 23
A9: 2 | B9: 江宁区 | C9: =D9+E9+F9+G9 -> 77 | D9: 16 | E9: 41 | F9: 11 | G9: 9
A10: 4 | B10: 六合区 | C10: =D10+E10+F10+G10 -> 35 | D10: 21 | F10: 14
A11: 四 | B11: 常州市 | C11: =+C12 -> 27 | D11: =+D12 -> 4 | E11: =+E12 -> 0 | F11: =+F12 -> 23
A12: 2 | B12: 金坛区 | C12: =D12+E12+F12+G12 -> 27 | D12: 4 | F12: 23
A13: 五 | B13: 苏州市 | C13: =C14 -> 26 | D13: =D14 -> 0 | E13: =E14 -> 0 | F13: =F14 -> 0 | G13: =G14 -> 26
A14: 4 | B14: 常熟市 | C14: =D14+E14+F14+G14 -> 26 | G14: 26
A15: 九 | B15: 扬州市 | C15: =C16+C17+C18+C19 -> 100 | D15: =D16+D17+D18+D19 -> 6 | E15: =E16+E17+E18+E19 -> 54 | F15: =F16+F17+F18+F19 -> 20 | G15: =G16+G17+G18+G19 -> 20
A16: 1 | B16: 市本级 | C16: =D16+E16+F16+G16 -> 21 | E16: 16 | G16: 5
A17: 2 | B17: 邗江区 | C17: =D17+E17+F17+G17 -> 19 | E17: 12 | G17: 7
A18: 3 | B18: 广陵区 | C18: =D18+E18+F18+G18 -> 29 | E18: 21 | G18: 8
A19: 7 | B19: 仪征市 | C19: =D19+E19+F19+G19 -> 31 | D19: 6 | E19: 5 | F19: 20
A20: 十 | B20: 镇江市 | C20: =C21+C22+C24+C23+C25 -> 155 | D20: =D21+D22+D24+D23+D25 -> 11 | E20: =E21+E22+E24+E23+E25 -> 32 | F20: =F21+F22+F24+F23+F25 -> 43 | G20: =G21+G22+G24+G23+G25 -> 69
A21: 1 | B21: 市本级 | C21: =D21+E21+F21+G21 -> 25 | D21: 4 | E21: 4 | F21: 12 | G21: 5
A22: 2 | B22: 丹徒区 | C22: =D22+E22+F22+G22 -> 45 | D22: 7 | E22: 8 | F22: 24 | G22: 6
A23: 7 | B23: 丹阳市 | C23: =D23+E23+F23+G23 -> 20 | E23: 8 | F23: 7 | G23: 5
A24: 8 | B24: 句容市 | C24: =D24+E24+F24+G24 -> 38 | E24: 5 | G24: 33
A25: 9 | B25: 扬中市 | C25: =D25+E25+F25+G25 -> 27 | E25: 7 | G25: 20
A26: 十一 | B26: 泰州市 | C26: =C27 -> 29 | D26: =D27 -> 0 | E26: =E27 -> 21 | F26: =F27 -> 0 | G26: =G27 -> 8
A27: 1 | B27: 医药高新（高港）区 | C27: =D27+E27+F27+G27 -> 29 | E27: 21 | G27: 8

Sheet 附件3-3
A1: 附件3-3
A2: 2026年第二批中央水利发展资金明细表 （小型引调水工程）
F3: 单位：万元
A4: 序号 | B4: 地区 | C4: 项目名称 | D4: 已累计下达 中央资金 | E4: 本次下达 中央资金 | F4: 备注
A6: 全省合计 | D6: =SUM(D7,D9,D11) -> 21436 | E6: =SUM(E7,E9,E11) -> 2759
A7: 一 | B7: 徐州市 | D7: =SUM(D8:D8) -> 5436 | E7: =SUM(E8:E8) -> 2564
A8: 1 | B8: 邳州市 | C8: 邳州市农村供水管网互通工程 | D8: 5436 | E8: 2564 | F8: 续建项目，按标准足额补助
A9: 二 | B9: 淮安市 | D9: =SUM(D10) -> 8000 | E9: =SUM(E10) -> 36
A10: 2 | B10: 淮安区 | C10: 淮安区农村供水保障车桥至苏嘴段供水环网管道工程项目 | D10: 8000 | E10: 36
A11: 三 | B11: 盐城市 | D11: =SUM(D12:D12) -> 8000 | E11: =SUM(E12:E12) -> 159
A12: 3 | B12: 大丰区 | C12: 大丰区农村供水输配水工程 | D12: 8000 | E12: 159

Sheet 附件3-4
A1: 附件3-4
A2: 2026年第二批中央水利发展资金明细表 (幸福河湖建设)
E3: 单位：万元
A4: 序号 | B4: 地区 | C4: 项目名称 | D4: 已下达 中央投资 | E4: 本次下达 中央投资
A5: 合计 | D5: =SUM(D6:D6) -> 0 | E5: =SUM(E6:E6) -> 3525
A6: 1 | B6: 连云港市本级 | C6: 连云港市东盐河-排淡河幸福河湖建设 | D6: 0 | E6: 3525
